 Dungeon Crawl Stone Soup version 0.29-a0-344-ge2f44be95a (webtiles) character file.

Game seed: 4998801361910034417

1544 spaghetti the Adept (level 8, 31/31 HPs)
             Began as a Felid Earth Elementalist on Apr 22, 2022.
             Was a Believer of Sif Muna.
             Quit the game on level 7 of the Dungeon.
             The game lasted 00:17:04 (9084 turns).

spaghetti the Adept (Felid Earth Elementalist)      Turns: 9084, Time: 00:17:04

Health: 31/31      AC:  2    Str:  4    XL:     8   Next: 56%
Magic:  16/16      EV: 17    Int: 21    God:    Sif Muna [**....]
Gold:   491        SH:  0    Dex: 16    Spells: 3/11 levels left
                                        Lives:  1   Deaths: 1

rFire   . . .      SeeInvis +   (weapon unavailable)
rCold   . . .      Faith    .   (shield unavailable)
rNeg    . . .      Spirit   .   (body armour unavailable)
rPois   .          Reflect  .   (helmet unavailable)
rElec   .          Harm     .   (cloak unavailable)
rCorr   .          Rampage  .   (gloves unavailable)
Will    +....                   (boots unavailable)
Stlth   ++........              g - amulet of regeneration {@e2}
HPRegen 0.90/turn               l - ring of wizardry
MPRegen 0.15/turn               (no ring)

@: quick
A: very small, claws 1, fangs 3, see invisible, speed 1, shaggy fur 2, stealthy
paws, no weapons or thrown items, no armour, multi-lived
a: Renounce Religion, Channel Magic


You were on level 7 of the Dungeon.
You worshipped Sif Muna.
Sif Muna was pleased with you.
You visited 1 branch of the dungeon, and saw 7 of its levels.

You collected 491 gold pieces.


Innate Abilities, Weirdness & Mutations

You have sharp claws.
You have razor-sharp teeth.
You have supernaturally acute eyesight. (SInv)
You cover ground quickly. (Speed+)
You are covered in thick fur. (AC +2)
Your paws help you pounce on unaware monsters.
You are incapable of wielding weapons or throwing items.
You cannot wear armour.
You gain extra lives every three experience levels.


   Skills:
 - Level 2.6 Dodging
 - Level 2.6 Stealth
 - Level 2.0 Spellcasting
 - Level 1.1 Transmutations
 + Level 8.4 Earth Magic
 * Level 10.3 Invocations


You had 3 spell levels left.
You knew the following spells:

 Your Spells              Type           Power      Damage    Failure   Level
a - Sandblast             Erth           74%        2d16      1%          1
b - Stone Arrow           Conj/Erth      38%        3d9       3%          3
c - Passwall              Tmut/Erth      18%        N/A       1%          2
d - Poisonous Vapours     Pois/Air       4%         N/A       9%          2

Your spell library contained the following spells:

 Spells                   Type           Power      Damage    Failure   Level
 Apportation              Tloc           4%         N/A       6%          1
 Corpse Rot               Necr/Air       4%         N/A       9%          2
 Call Canine Familiar     Summ           2%         N/A       17%         3
 Gell's Gravitas          Tloc           2%         N/A       17%         3
 Teleport Other           Tloc           2%         N/A       17%         3
 Petrify                  Tmut/Erth      22%        N/A       9%          4
 Leda's Liquefaction      Hex/Erth       9%         N/A       11%         4
 Borgnjor's Vile Clutch   Necr/Erth      9%         N/A       28%         5
 Animate Dead             Necr           1%         N/A       47%         4
 Alistair's Intoxication  Tmut/Pois      2%         N/A       75%         5
 Death Channel            Necr           1%         N/A       100%        6
 Dispersal                Tloc           1%         N/A       100%        6
 Portal Projectile        Hex/Tloc       Unusable   N/A       N/A         3

Inventory:

Missiles
 a - 48 stones {throwing}
Jewellery
 g - an amulet of regeneration (around neck) {@e2}
   (You found it on level 1 of the Dungeon)
 l - a ring of wizardry (left paw)
   (You found it on level 2 of the Dungeon)
 w - the ring "Qeden" {*Slow rF+ Will++}
   (You found it on level 4 of the Dungeon)

   [ring of protection from fire]

   rF:        It protects you from fire.
   *Slow:     It may slow you when you take damage.
   Will:      It greatly increases your willpower.
Wands
 x - a wand of digging (4)
   (You found it on level 5 of the Dungeon)
 A - a wand of iceblast (8)
   (You found it on level 5 of the Dungeon)
Scrolls
 d - 3 scrolls of fear
 e - 2 scrolls of identify {@r1}
 i - 3 scrolls of enchant weapon
 j - 2 scrolls of noise {!r}
 k - a scroll of blinking {!r}
 p - 7 scrolls of teleportation {@r4}
 q - 2 scrolls of fog {unknown}
 s - a scroll of summoning {unknown}
 t - a scroll of torment {unknown}
 y - a scroll of acquirement {unknown}
 B - 2 scrolls of vulnerability {unknown}
 C - a scroll of magic mapping {unknown}
 D - a scroll of enchant armour {unknown}
Potions
 b - a potion of magic
 c - 2 potions of mutation {unknown}
 f - 2 potions of attraction {unknown}
 h - 2 potions of flight {unknown}
 m - 2 potions of curing {unknown}
 n - 3 potions of might {unknown}
 o - a potion of invisibility {unknown}
 r - 2 potions of brilliance {unknown}
 u - a potion of haste {unknown}
 v - a potion of berserk rage {unknown}
 z - a potion of heal wounds {@q2}

Dungeon Overview and Level Annotations

Branches:
Dungeon (7/15)             Temple (0/1) D:6

Altars:
Ashenzari
Dithmenos
Makhleb
Nemelex Xobeh
Sif Muna
Wu Jian

Shops:
D:4 [

Annotations:
D:2 Sigmund
D:6 3 runed translucent doors, spaghetti's ghost, weakling NaDe
D:7 Maggie

#
##..#.#######
#......@....#
#.#...#####.#
#.. ##


There were no monsters in sight!


Message History

You lost 1 mp, and now have 1/17 mp.
Unknown command.
Unknown command.
Casting: Sandblast (safe; 1% risk of failure)
Confirm with . or Enter, or press ? or * to list all spells.
Aiming: Sandblast (safe; 1% risk of failure)
Press: ? - help, Shift-Dir - straight line, f/p - Maggie
Aim: Maggie, wielding a +1 long sword of flaming and wearing +2 steam dragon scales (moderately wounded, mesmerising, very poisoned, 82% to hit)
The blast of sand misses Maggie.
Maggie misses you.
Your magical contamination has completely faded away. 😎 MP[-1]
You lost 1 mp, and now have 0/17 mp.
Okay, then.
Magic courses through your body.
Maggie hits you with a +1 long sword of flaming!
Maggie burns you. 😮 HP[-12] MP[+17]
You take 12 damage, and now have 22/34 hp.
MASSIVE DAMAGE!! (PAUSE)
Your mp is fully restored (17).
Casting: Sandblast (safe; 1% risk of failure)
Confirm with . or Enter, or press ? or * to list all spells.
Aiming: Stone Arrow (dangerous; 3% risk of failure)
Press: ? - help, Shift-Dir - straight line, f/p - Maggie
Aim: Maggie, wielding a +1 long sword of flaming and wearing +2 steam dragon scales (moderately wounded, mesmerising, poisoned, 68% to hit)
The stone arrow misses Maggie.
Maggie barely misses you. 😮 HP[+1] MP[-3]
You lost 3 mp, and now have 14/17 mp.
Casting: Stone Arrow (dangerous; 3% risk of failure)
Confirm with . or Enter, or press ? or * to list all spells.
Aiming: Stone Arrow (dangerous; 3% risk of failure)
Press: ? - help, Shift-Dir - straight line, f/p - Maggie
Aim: Maggie, wielding a +1 long sword of flaming and wearing +2 steam dragon scales (moderately wounded, mesmerising, poisoned, 68% to hit)
The stone arrow hits Maggie!
Maggie closely misses you. 😮 HP[+1] MP[-3]
You lost 3 mp, and now have 11/17 mp.
Casting: Stone Arrow (dangerous; 3% risk of failure)
Confirm with . or Enter, or press ? or * to list all spells.
Aiming: Stone Arrow (dangerous; 3% risk of failure)
Press: ? - help, Shift-Dir - straight line, f/p - Maggie
Aim: Maggie, wielding a +1 long sword of flaming and wearing +2 steam dragon scales (heavily wounded, mesmerising, poisoned, 68% to hit)
The stone arrow hits Maggie!
Maggie barely misses you. 😮 HP[+1] MP[-3]
You lost 3 mp, and now have 8/17 mp.
Casting: Stone Arrow (dangerous; 3% risk of failure)
Confirm with . or Enter, or press ? or * to list all spells.
Aiming: Stone Arrow (dangerous; 3% risk of failure)
Press: ? - help, Shift-Dir - straight line, f/p - Maggie
Aim: Maggie, wielding a +1 long sword of flaming and wearing +2 steam dragon scales (severely wounded, mesmerising, poisoned, 68% to hit)
The stone arrow hits Maggie!
Maggie hits you with a +1 long sword of flaming!
* * * LOW HITPOINT WARNING * * *
Maggie burns you.
* * * LOW HITPOINT WARNING * * *
😨 HP[-13] MP[-2]
You take 13 damage, and now have 12/34 hp.
MASSIVE DAMAGE!! (PAUSE)
You lost 2 mp, and now have 6/17 mp.
Casting: Stone Arrow (dangerous; 3% risk of failure)
Confirm with . or Enter, or press ? or * to list all spells.
Aiming: Sandblast (safe; 1% risk of failure)
Press: ? - help, Shift-Dir - straight line, f/p - Maggie
Aim: Maggie, wielding a +1 long sword of flaming and wearing +2 steam dragon scales (severely wounded, mesmerising, poisoned, 82% to hit)
The blast of sand hits Maggie!
Maggie drinks a potion.
Maggie is healed! 😨 HP[+1] MP[-1]
You lost 1 mp, and now have 5/17 mp.
Casting: Sandblast (safe; 1% risk of failure)
Confirm with . or Enter, or press ? or * to list all spells.
Aiming: Sandblast (safe; 1% risk of failure)
Press: ? - help, Shift-Dir - straight line, f/p - Maggie
Aim: Maggie, wielding a +1 long sword of flaming and wearing +2 steam dragon scales (heavily wounded, mesmerising, poisoned, 82% to hit)
The blast of sand hits Maggie!
Maggie hits you with a +1 long sword of flaming.
* * * LOW HITPOINT WARNING * * *
Maggie burns you.
* * * LOW HITPOINT WARNING * * *
😨 HP[-2] MP[-1]
You take 2 damage, and now have 11/34 hp.
You lost 1 mp, and now have 4/17 mp.
Casting: Sandblast (safe; 1% risk of failure)
Confirm with . or Enter, or press ? or * to list all spells.
Aiming: Sandblast (safe; 1% risk of failure)
Press: ? - help, Shift-Dir - straight line, f/p - Maggie
Aim: Maggie, wielding a +1 long sword of flaming and wearing +2 steam dragon scales (severely wounded, mesmerising, poisoned, 82% to hit)
The blast of sand misses Maggie.
Maggie looks more healthy.
Maggie gestures at you while chanting. The bolt of fire hits you!
You die...
You are now level 8!
You rejoin the land of the living... 😎 HP[+20] MP[+12]
You now have 31 max hp (-3).
Your hp is fully restored (31).
Your mp is fully restored (16).
Unknown command.
Unknown command.
Autopickup is now off.
Autopickup is now on.
Are you sure you want to abandon this character and quit the game? (Confirm with "yes".)

Skill      XL: |  1  2  3  4  5  6  7  8  9 |
---------------+----------------------------+-----
Earth Magic    | 3 4 5 6 7 8 |  8.4
Invocations    | 2 3 4 6 8 10 | 10.3
Dodging        | |  2.6
Stealth        | |  2.6
Spellcasting   | |  2.0
Transmutations | |  1.1

Action                   |  1- 3 |  4- 6 |  7- 9 || total
-------------------------+-------+-------+-------++-------
Melee: Unarmed           |       |       |     3 ||     3
 Cast: Sandblast         |    56 |    55 |    89 ||   200
       Poisonous Vapours |       |    20 |    82 ||   102
       Stone Arrow       |       |       |    67 ||    67
  Use: Scroll            |       |       |     6 ||     6
       Potion            |       |       |     1 ||     1
Armor: Skin              |     2 |       |       ||     2
Dodge: Dodged            |     6 |    21 |    47 ||    74

Levels and vault maps discovered:
D:1:      dpeg_arrival_morbid_curiosity, layout_rooms,
          hellmonk_ecumenical_altar_run_dry, minmay_tromino_v4_a
D:2:      minmay_inner_zag, layout_basic, basic_altar, uniq_sigmund
D:3:      layout_rooms, interstate_on_off, palyth_stone_intersect,
          serial_bayou_crossing
D:4:      layout_basic, makhleb_altar_promises_db, serial_shops, shop,
          cheibrodos_gnoll_hut
D:5:      layout_rooms, lemuel_coloured_pillars_altar, glass_columns_c,
          minmay_joined_circles
D:6:      minmay_bubble_buster, layout_loops_cross,
          nicolae_ashenzari_panopticon, lemuel_crystal_altar,
          mainiacjoe_overflow_catwalk, minmay_temple_entry_drinking_statues,
          gammafunk_ghost_necromancy, grunt_ministairs_12, minmay_diced_spiral,
          uniq_duvessa
D:7:      layout_basic, kennysheep_mini_moat, nicolae_qazlal_general_emergency,
          enter_bailey_2, grunt_ministairs_12, uniq_joseph, uniq_maggie

Notes
Turn   | Place    | Note
-------+----------+-------------------------------------------
     0 | D:1      | spaghetti the Felid Earth Elementalist began the quest for
                  | the Orb.
     0 | D:1      | Reached XP level 1. HP: 7/7 MP: 4/4
     0 | D:1      | magus.rc [v1.9.6]
    72 | D:1      | Reached skill level 3 in Earth Magic
   240 | D:1      | Reached XP level 2. HP: 11/11 MP: 3/6
   467 | D:1      | Found a faded altar of an unknown god.
   814 | D:2      | Reached XP level 3. HP: 14/14 MP: 4/7
   815 | D:2      | Reached skill level 4 in Earth Magic
   863 | D:2      | You pick up a book of the Hunter and begin reading...
   863 | D:2      | You add the spells Call Canine Familiar and Leda's
                  | Liquefaction to your library.
   872 | D:2      | Noticed Sigmund
   902 | D:2      | Learned a level 3 spell: Stone Arrow
   905 | D:2      | Learned a level 2 spell: Passwall
  1221 | D:2      | Found a shimmering blue altar of Sif Muna.
  1244 | D:2      | Became a worshipper of Sif Muna the Loreminder
  1793 | D:3      | Reached XP level 4. HP: 18/18 MP: 2/8
  1942 | D:3      | You pick up a book of Unlife and begin reading...
  1942 | D:3      | You add the spells Animate Dead, Borgnjor's Vile Clutch and
                  | Death Channel to your library.
  2291 | D:3      | Reached skill level 5 in Earth Magic
  2291 | D:3      | Reached skill level 1 in Invocations
  2350 | D:3      | You pick up a book of Vapours and begin reading...
  2350 | D:3      | You add the spells Poisonous Vapours and Corpse Rot to your
                  | library.
  2690 | D:4      | Identified the ring "Qeden" {*Slow rF+ Will++}
  2731 | D:4      | Noticed a scorpion
  2738 | D:4      | Killed a scorpion
  2739 | D:4      | Reached skill level 2 in Invocations
  2739 | D:4      | Reached XP level 5. HP: 21/21 MP: 3/9
  2791 | D:4      | Learned a level 2 spell: Poisonous Vapours
  2906 | D:4      | Found Wanosi's Antique Armour Shop.
  2915 | D:4      | Found a burning altar of Makhleb.
  2916 | D:4      | Noticed an Executioner
  3242 | D:4      | Reached skill level 3 in Invocations
  3242 | D:4      | Gained mutation: You are covered in thick fur. (AC +2)
                  | [Felid growth]
  3242 | D:4      | Reached XP level 6. HP: 19/24 MP: 4/10
  3417 | D:4      | You pick up a book of Party Tricks and begin reading...
  3417 | D:4      | You add the spells Apportation and Alistair's Intoxication
                  | to your library.
  3552 | D:4      | Reached * piety under Sif Muna
  3820 | D:5      | Entered Level 5 of the Dungeon
  3981 | D:5      | Reached skill level 4 in Invocations
  4140 | D:5      | Reached XP level 7. HP: 27/27 MP: 7/11
  4269 | D:5      | Reached skill level 6 in Earth Magic
  4269 | D:5      | Reached skill level 5 in Invocations
  4402 | D:5      | Found a sparkling altar of Nemelex Xobeh.
  4794 | D:5      | Reached skill level 6 in Invocations
  5375 | D:5      | Reached XP level 8. HP: 31/31 MP: 3/13
  5749 | D:5      | Reached skill level 7 in Invocations
  5861 | D:5      | You add the spells Gell's Gravitas, Teleport Other and
                  | Dispersal to your library.
  6065 | D:6      | Reached ** piety under Sif Muna
  6066 | D:6      | Reached skill level 7 in Earth Magic
  6411 | D:6      | Reached skill level 8 in Invocations
  7197 | D:6      | Found a staircase to the Ecumenical Temple.
  7234 | D:6      | Found a shadowy altar of Dithmenos.
  7287 | D:6      | Found a broken altar of Ashenzari.
  7621 | D:6      | Noticed Duvessa
  7627 | D:6      | Killed Duvessa
  7628 | D:6      | Reached XP level 9. HP: 34/34 MP: 3/16
  7739 | D:6      | Noticed Dowan
  7744 | D:6      | Killed Dowan
  7745 | D:6      | Reached skill level 9 in Invocations
  7866 | D:6      | Found an ornate altar of the Wu Jian Council.
  8009 | D:6      | Found a runed translucent gate.
  8009 | D:6      | Found a runed translucent gate.
  8010 | D:6      | Found a runed translucent gate.
  8015 | D:6      | Noticed spaghetti's ghost (weakling NaDe)
  8142 | D:6      | Noticed a troll
  8429 | D:6      | Reached skill level 8 in Earth Magic
  8625 | D:6      | HP: 7/34 [troll (14)]
  8628 | D:6      | Killed a troll
  8629 | D:6      | Reached skill level 10 in Invocations
  9067 | D:7      | Noticed Maggie
  9083 | D:7      | Killed from afar by Maggie
  9084 | D:7      | Reached XP level 8. HP: -2/31 MP: 3/16
  9084 | D:7      | Quit the game

Vanquished Creatures
  A troll (D:6)
  A steam dragon (D:6)
  Duvessa (D:6)
  A water moccasin (D:5)
  2 black bears (D:6)
  2 sky beasts (D:6)
  An ice beast (D:6)
  2 ogres (D:5)
  A kobold brigand (D:6)
  2 bullfrogs
  2 necrophages (D:5)
  2 gnoll sergeants
  4 scorpions
  A wight (D:6)
  Dowan (D:6)
  2 howler monkeys
  4 jellies
  2 orc priests (D:5)
  8 hounds
  10 iguanas
  4 orc wizards (D:5)
  5 gnolls
  7 adders
  2 white imps (D:5)
  An ufetubus (D:6)
  A worm (D:2)
  20 orcs
  7 endoplasms
  3 giant cockroaches
  9 goblins
  4 hobgoblins
  2 jackals (D:1)
  9 kobolds
  4 quokkas
  4 ball pythons
  2 bats
  2 frilled lizards (D:2)
  2 rats (D:2)
138 creatures vanquished.

Table legend:
 A = Non-vault XP
 B = Vault XP
 C = Vault XP percentage of total XP
 D = Non-vault monster count
 E = Vault monster count
 F = Vault count percentage of total count
                 A         B        C        D         E       F
            +---------+---------+-------+---------+---------+-------
      Total |    2086 |    2266 |  52.1 |      88 |      50 |  36.2
            +---------+---------+-------+---------+---------+-------
        D:1 |      20 |      18 |  47.4 |      11 |       9 |  45.0
        D:2 |      39 |      18 |  31.6 |       9 |       4 |  30.8
        D:3 |      95 |       0 |   0.0 |      12 |       0 |   0.0
        D:4 |     146 |     101 |  40.9 |      10 |       3 |  23.1
        D:5 |     794 |     547 |  40.8 |      25 |      13 |  34.2
        D:6 |     862 |    1582 |  64.7 |      17 |      21 |  55.3
        D:7 |     130 |       0 |   0.0 |       4 |       0 |   0.0
            +---------+---------+-------+---------+---------+-------

Illustrated notes

Table legend:
 A = Kills in this place as a percentage of kills in entire the game.
 B = Kills by you in this place as a percentage of kills by you in the entire game.
 C = Kills by friends in this place as a percentage of kills by friends in the entire game.
 D = Other kills in this place as a percentage of other kills in the entire game.
 E = Experience gained in this place as a percentage of experience gained in the entire game.
 F = Experience gained in this place divided by the number of levels of this place that you have seen.
                   A       B       C       D       E      F
               +-------+-------+-------+-------+-------+----------------------
         Total | 100.0 | 100.0 |   N/A |   N/A | 100.0 | 621.7
       Dungeon | 100.0 | 100.0 |   N/A |   N/A | 100.0 | 621.7
               +-------+-------+-------+-------+-------+----------------------

Table legend: (Time is in decaauts)
 A = Elapsed time spent in this place.
 B = Non-inter-level travel time spent in this place.
 C = Inter-level travel time spent in this place.
 D = Time resting spent in this place.
 E = Time spent auto-exploring this place.
 F = Levels seen in this place.
 G = Mean time per level.
                   A        B        C        D        E       F      G
               +--------+--------+--------+--------+--------+-----+--------+
         Total |   8220 |   8040 |    180 |   2357 |   4699 |   7 | 1174.3 |
       Dungeon |   8220 |   8040 |    180 |   2357 |   4699 |   7 | 1174.3 |
               +--------+--------+--------+--------+--------+-----+--------+

Top non-repeatable levels by time:
     D:6: 2715 daAuts
     D:5: 2006 daAuts
     D:4: 1210 daAuts
     D:2: 832 daAuts
     D:1: 714 daAuts
     D:3: 699 daAuts
     D:7: 41 daAuts
